Cogmind - Beta 13 @@@ ROGUE MODE // 2024.04.21 @ 08:09:05 Player: Zaros426 Result: Destroyed by JS-PTK(R) with Subdweller Laser Performance ------------- Evolutions (0) 0 Regions Visited (2) 400 Robots Destroyed (39) 195 Value Destroyed (950) 950 Prototype IDs (2) 40 Alien Tech Used (0) 0 Bonus (0) 0 TOTAL SCORE: 1585 Bonus ------- None Cogmind --------- Core Integrity 0/250 Matter 184/300 Energy 95/100 System Corruption 0% Temperature Cool (6) Movement Treading (160) Location -10/Subcaves Parts ------- > --- POWER (1) -------- (None) > --- PROPULSION (2) --- Light Treads Light Treads > --- UTILITY (2) ------ Large Storage Unit Signal Interpreter > --- WEAPON (2) ------- Slug Cannon Hammer > --- INVENTORY (15) --- Aluminum Leg Aluminum Leg Improved Heat Sink Huge Storage Unit Improved Terrain Scanner Terrain Scan Processor Seismic Detector Medium Laser Medium Laser Makeshift Laser Beam Cannon Slug Cannon Peak State ------------ > --- POWER ------------ Ion Engine > --- PROPULSION ------- Aluminum Leg Aluminum Leg > --- UTILITY ---------- Large Storage Unit Signal Interpreter > --- WEAPON ----------- Makeshift Laser Slug Cannon > --- INVENTORY -------- Ion Engine Light Treads Light Treads Aluminum Leg Improved Heat Sink Huge Storage Unit Improved Terrain Scanner Terrain Scan Processor Seismic Detector Medium Laser Medium Laser Beam Cannon Slug Cannon Hammer [Rating: 15] Favorites ----------- Power Ion Engine Engine Ion Engine Propulsion Aluminum Leg Treads Light Treads Leg Aluminum Leg Utility Large Storage Unit Device Improved Heat Sink Storage Large Storage Unit Processor Signal Interpreter Weapon Medium Laser Energy Gun Medium Laser Energy Cannon Beam Cannon Ballistic Cannon Slug Cannon Launcher Grenade Launcher Impact Weapon Hammer Build | -11 -10 -10 ------- Run | Yrd Mat Sub Slots Evolved . | . . . Power . | . . . Propulsion . | . . . Utility . | . . . Weapon . | . . . Parts Attached 34 | 7 19 8 Power 4 | 1 2 1 Engine 4 | 1 2 1 Core . | . . . Reactor . | . . . Propulsion 12 | 2 7 3 Treads 4 | . 2 2 Leg 8 | 2 5 1 Wheel . | . . . Hover . | . . . Flight . | . . . Utility 8 | 2 6 . Device 3 | 1 2 . Storage 4 | 1 3 . Processor 1 | . 1 . Hackware . | . . . Protection . | . . . Artifact . | . . . Weapon 10 | 2 4 4 Energy Gun 4 | 2 1 1 Energy Cannon 2 | . 2 . Ballistic Gun . | . . . Ballistic Cannon 1 | . . 1 Launcher 1 | . . 1 Special Weapon . | . . . Impact Weapon 2 | . 1 1 Slashing Weapon . | . . . Piercing Weapon . | . . . Special Melee Weapon . | . . . Unidentified Prototypes . | . . . Parts Lost 6 | . 2 4 Power 2 | . . 2 Propulsion 2 | . 1 1 Utility . | . . . Weapon 2 | . 1 1 Highest Loss Streak 2 | . 1 2 To Critical Strikes . | . . . Average Slot Usage (%) 99 | . 99 99 Engine 13 | . 14 13 Treads 3 | . 1 7 Leg 23 | . 26 20 Device 8 | . 13 . Storage 14 | . 14 14 Processor 5 | . . 14 Energy Gun 11 | . 13 7 Energy Cannon 4 | . 7 . Ballistic Cannon 3 | . . 8 Launcher 1 | . . 4 Impact Weapon 7 | . 6 8 Naked Turns . | . . . Heaviest Build 34 | 15 31 34 Greatest Support 40 | 20 20 40 Greatest Overweight (x) 2 | . 1 2 Average Overweight (x) . | . . . Largest Inventory Capacity 15 | 8 15 15 Average Capacity 13 | 7 13 15 Most Carried 15 | 4 14 15 Average Carried 10 | 2 9 13 Final Capacity 15 | 8 15 15 Final Carried 14 | 4 14 12 Class Distribution -------------------- 64% | Mutant 35% | Scavenger-Mutant Dominant Class ---------------- Scavenger-Mutant | -10/Materials Mutant | -10/Subcaves Resources | -11 -10 -10 ----------- Run | Yrd Mat Sub Matter Collected 613 | 270 180 163 Remotely . | . . . Salvage Created 1331 | 117 938 276 Parts 71 | 7 51 13 Haulers Intercepted 1 | . 1 . Recyclers Shooed 6 | 1 5 . Parts Field Recycled . | . . . Retrieved Matter . | . . . Parts Self-Destructed 11 | . . 11 Prevented 1 | . . 1 Kills | -11 -10 -10 ------- Run | Yrd Mat Sub Combat Hostiles Destroyed 24 | . 14 10 Melee 3 | . 1 2 Guns 6 | . 3 3 Cannons 11 | . 8 3 Classes Destroyed 11 | 2 6 3 Worker 1 | . 1 . Builder 4 | . 4 . Tunneler 2 | 2 . . Hauler 1 | . 1 . Recycler 3 | 1 2 . Mechanic 1 | . 1 . Watcher 3 | . 3 . Swarmer 3 | . . 3 Grunt 15 | . 14 1 Sentry 1 | . . 1 Subdweller 5 | . . 5 Best Kill Streak 6 | 2 6 3 Combat Bots Only 6 | . 6 3 Max Kills in Single Turn 1 | 1 1 1 Gunslinging . | . . . Exploded . | . . . Melee 1 | . 1 1 Uniques/NPCs Destroyed . | . . . Combat | -11 -10 -10 -------- Run | Yrd Mat Sub Hostile Shots Fired 138 | . 65 73 Missed 41 | . 14 27 Damage Taken 1411 | . 629 782 Core 264 | . 79 185 Absorbed by Shields . | . . . Core Remaining (%) 100 | 100 . . Volleys Fired 137 | 7 85 45 Largest 2 | 2 2 2 Hottest 198 | 100 110 198 Shots Fired 159 | 14 95 50 Gun 59 | 14 29 16 Cannon 100 | . 66 34 Launcher . | . . . Special . | . . . Kinetic 34 | . . 34 Thermal 125 | 14 95 16 Explosive . | . . . Electromagnetic . | . . . Robot Hit Streak 15 | 3 15 6 Robot Miss Streak 7 | 1 7 3 Penetration Max . | . . . Secondary Targets . | . . . Shots Hit Robots 119 | 9 69 41 Core Hits 43 | 4 27 12 Critical Kills . | . . . Critical Parts Destroyed 8 | . 3 5 Critical Strikes 15 | 1 6 8 Burn 6 | 1 3 2 Destroy 3 | . . 3 Smash 6 | . 3 3 Melee Attacks 59 | . 33 26 Impact 59 | . 33 26 Slashing . | . . . Piercing . | . . . Sneak Attacks 3 | . 3 . Combat Hostiles . | . . . Follow-up Attacks . | . . . Damage Inflicted 2303 | 113 1305 885 Guns 554 | 113 250 191 Cannons 1155 | . 770 385 Explosions . | . . . Melee 594 | . 285 309 Ramming . | . . . Kinetic 385 | . . 385 Thermal 1324 | 113 1020 191 Explosive . | . . . Electromagnetic . | . . . Impact 594 | . 285 309 Slashing . | . . . Piercing . | . . . Highest Corruption . | . . . Average Corruption . | . . . Corruption Purged . | . . . Corruption Blocked . | . . . Overload Shots 3 | . . 3 Overflow Damage 276 | . 200 76 Projectiles . | . . . Explosions . | . . . Melee 276 | . 200 76 Knockbacks 4 | . . 4 Impact 2 | . . 2 Kinetic 2 | . . 2 Secondary . | . . . Self-Inflicted Damage . | . . . Shots . | . . . Rammed . | . . . Targets Rammed . | . . . Kicked . | . . . Crushed . | . . . Highest Temperature 258 | 117 258 232 Average Temperature 88 | 46 92 133 Received Heat Transfer 531 | . 348 183 Effects 4 | . 4 . Energy Bleed 1 | . 1 . Interference 3 | . 3 . Siege Activations . | . . . Robots Corrupted . | . . . Combat Hostiles . | . . . Parts Fried 16 | . 15 1 Impact Corruptions 13 | . 9 4 Robots Melted 1 | . 1 . Combat Hostiles 1 | . 1 . Parts Melted 7 | 1 5 1 Heat Transferred 3430 | 407 2516 507 Parts Sabotaged . | . . . Parts Stolen . | . . . Parts Stripped . | . . . Power Chain Reactions . | . . . Alert | -11 -10 -10 ------- Run | Yrd Mat Sub Peak Influence 337 | 15 337 . Initial 9 | . 9 . Average 143 | 5 156 . Maximum Alert Level 1 | . 1 . Low Security (%) 65 | 100 62 . Level 1 34 | . 37 . Level 2 . | . . . Level 3 . | . . . Level 4 . | . . . Level 5 . | . . . High Security . | . . . Max Security . | . . . Squads Dispatched 4 | . 4 . Investigation 2 | . 2 . Extermination . | . . . Reinforcement 2 | . 2 . Assault . | . . . Garrison . | . . . Intercept . | . . . Searches Triggered . | . . . Construction Impeded . | . . . Haulers Reinforced . | . . . Active Scanning Responses . | . . . Cargo Convoy Interrupts . | . . . Stealth | -11 -10 -10 --------- Run | Yrd Mat Sub Distress Signals 4 | . 4 . Communications Jammed . | . . . Distress Signals . | . . . Times Spotted 45 | . 30 15 Peak Tracking Total 10 | . 10 3 Tactical Retreats 1 | . . 1 Traps | -11 -10 -10 ------- Run | Yrd Mat Sub Traps Triggered 3 | . 3 . Indirectly . | . . . Trap Hack Attempts . | . . . Triggered . | . . . Disarmed . | . . . Reprogrammed . | . . . Reused . | . . . Traps Extracted . | . . . Installed . | . . . Triggered . | . . . Machines | -11 -10 -10 ---------- Run | Yrd Mat Sub Machines Disabled 1 | . 1 . Max in Single Turn 1 | . 1 . Machines Repaired . | . . . Machines Dismantled . | . . . Machines Sabotaged . | . . . Overloaded Fab Kills . | . . . Hacking | -11 -10 -10 --------- Run | Yrd Mat Sub Machines Accessed 7 | . 6 1 Terminals 5 | . 5 . Fabricators . | . . . Repair Stations 1 | . 1 . Recycling Units . | . . . Scanalyzers . | . . . Garrison Access . | . . . Total Hacks 23 | . 21 2 Successful 13 | . 11 2 Failed 9 | . 9 . Catastrophic . | . . . Database Lockouts 1 | . 1 . Manual 16 | . 9 7 Terminals 19 | . 19 . Fabricators . | . . . Repair Stations 2 | . 2 . Recycling Units . | . . . Scanalyzers . | . . . Garrison Access . | . . . Terminal Hacks 13 | . 11 2 Record 3 | . 1 2 Robot Analysis 5 | . 5 . Prototype ID Bank 1 | . 1 . Alert Level 1 | . 1 . Hauler Manifests 1 | . 1 . Zone Layout 2 | . 2 . Fabricator Hacks . | . . . Repair Station Hacks . | . . . Recycling Unit Hacks . | . . . Scanalyzer . | . . . Garrison Access Hacks . | . . . Unauthorized Hacks . | . . . Terminals . | . . . Fabricators . | . . . Repair Stations . | . . . Recycling Units . | . . . Scanalyzers . | . . . Garrison Access . | . . . Data Cores Recovered . | . . . Used . | . . . Hacking Detections 6 | . 6 . Full Trace Events 1 | . 1 . Feedback Events . | . . . Feedback Blocked . | . . . Robot Schematics Acquired . | . . . Robots Built . | . . . Authchips . | . . . Time . | . . . Total Robot Build Rating . | . . . Part Schematics Acquired . | . . . Parts Built . | . . . Authchips . | . . . Time . | . . . Total Part Build Rating . | . . . Parts Repaired . | . . . Time . | . . . Parts Recycled . | . . . Recycled Matter . | . . . Retrieved Matter . | . . . Retrieved Components . | . . . Parts Scanalyzed . | . . . Part Schematics Acquired . | . . . Parts Damaged . | . . . Bothacking | -11 -10 -10 ------------ Run | Yrd Mat Sub Used RIF Installer . | . . . Robots Hacked . | . . . Non-combat . | . . . Combat . | . . . Robot Hacks Applied . | . . . Relay Couplers Released . | . . . Fabnet Peak Effective % . | . . . Robots Rewired . | . . . Allies Hacked . | . . . Hacks Repelled . | . . . Allies | -11 -10 -10 -------- Run | Yrd Mat Sub Total Allies . | . . . Largest Group . | . . . Highest-Rated Group . | . . . Highest-Rated Ally . | . . . Total Orders . | . . . Ally Attacks . | . . . Total Damage . | . . . Kills . | . . . Allies Corrupted . | . . . Allies Melted . | . . . Intel | -11 -10 -10 ------- Run | Yrd Mat Sub Robot Analysis Total 5 | . 5 . Derelict Logs Recovered 2 | . . 2 Drone Launches . | . . . Drone Recoveries . | . . . Exploration | -11 -10 -10 ------------- Run | Yrd Mat Sub Turns Passed 2910 | 152 1588 1170 Spaces Moved 1261 | 96 651 514 Core 6 | 6 . . Treads 156 | . . 156 Legs 1099 | 90 651 358 Wheels . | . . . Hover . | . . . Flight . | . . . Fastest Speed 50 | 50 120 160 Average Speed 178 | 115 185 181 Slowest Speed 260 | 120 190 260 Overloaded Moves . | . . . Propulsion Burnouts . | . . . Robots Hopped . | . . . Cave-ins Triggered . | . . . Exploration Rate (%) 46 | 4 86 48 Regions Visited 2 Branch Regions 1 Pre-discovered Areas 2 | . . 2 Known Exits Taken 1 | . 1 . Unknown Exits Taken 1 | 1 . . Scrap Searched 4 | . . 4 Spaces Dug 6 | . 2 4 Terrain Destroyed 8 | . 2 6 Melee 6 | . 2 4 Projectile 2 | . . 2 AOE . | . . . Terrain Rammed . | . . . Walls Destroyed . | . . . Machines Disabled . | . . . Actions | -11 -10 -10 --------- Run | Yrd Mat Sub Total 1653 | 120 876 657 Wait 135 | 6 70 59 Move 1259 | 95 650 514 Hop . | . . . Pick Up 20 | 5 12 3 Fast Attach 10 | 6 4 . Attach 6 | 1 2 3 Detach . | . . . Swap 18 | . 13 5 Drop 9 | . 7 2 Fire 137 | 7 85 45 Melee 59 | . 33 26 Ram . | . . . Kick . | . . . Crush . | . . . Escape Stasis . | . . . Rewire . | . . . Trap . | . . . Miscellaneous . | . . . Route ------- -11/Scrapyard -10/Materials (discovered 4 exits: [*Mat x2] / [*Min] / *Sub) -10/Subcaves (discovered 3 exits: *Mat x2 / *Rec) History --------- Turn | Location | Event 27 | -11/Scrapyard | Discovered new exit (range 16) 153 | -11/Scrapyard | Entered Materials 232 | -10/Materials | Central database locked down 303 | -10/Materials | Build established: Mutant 415 | -10/Materials | Discovered new exit (range 6) 1017 | -10/Materials | Build established: Scavenger-Mutant 1234 | -10/Materials | Discovered new exit (range 8) 1581 | -10/Materials | Discovered new exit (range 8) 1735 | -10/Materials | Discovered new exit (range 3) 1740 | -10/Materials | Identified exit to Subcaves 1741 | -10/Materials | Entered Subcaves 1757 | -10/Subcaves | Learned location of Zion (-6) 2000 | -10/Subcaves | Discovered new exit (range 8) 2022 | -10/Subcaves | Identified exit to Recycling 2029 | -10/Subcaves | Build established: Mutant 2211 | -10/Subcaves | Disturbed a concealed Subdweller 2213 | -10/Subcaves | Core integrity fell below 50% 2264 | -10/Subcaves | A swath of the cavern ceiling suddenly collapsed 2311 | -10/Subcaves | Visited Clippyterm 2323 | -10/Subcaves | A swath of the cavern ceiling suddenly collapsed 2640 | -10/Subcaves | Discovered new exit (range 11) 2659 | -10/Subcaves | Identified exit to Materials 2776 | -10/Subcaves | Core integrity fell below 20% 2877 | -10/Subcaves | Shifting Twisted Machinery released Riot Gun 2877 | -10/Subcaves | Discovered exit to Materials (range 10) 2890 | -10/Subcaves | Shifting Twisted Machinery released Barrage Gun 2911 | -10/Subcaves | Destroyed by JS-PTK(R) with Subdweller Laser Last Messages --------------- 02668_ Acquired 10 matter. 02673_ 2A-V67(u) builds Twisted Machinery. 02678_ Acquired 7 matter. 02777_ S-10 Pest suffers critical hit (Destroy). 02777_ Destroyed Lgt. Ion Engine. 02780_ Flight Unit melted. 02780_ S-10 Pest destroyed. 02784_ S-10 Pest suffers critical hit (Burn). 02784_ S-10 Pest destroyed. 02794_ Acquired 3 matter. 02795_ Flight Unit fries itself beyond repair. 02796_ Acquired 8 matter. 02798_ Lgt. Assault Rifle fries itself beyond repair. 02860_ Acquired derelict log, extracted data. World map confirmed: -6/Zion. Riot Gun falls loose from the Twisted Machinery. 02877_ EXIT=FOUND: MATERIALS Barrage Gun falls loose from the Twisted Machinery. 02901_ JS-PTK(R) knocked back. 02909_ Ion Engine destroyed. Map ----- +----------------------------------------------------+ | | | | | ?????????????????????????????????????????????????? | | ?????????????????????????????????????????????????? | | ?????????????????????????????????????????????????? | | ?????????????????????????????????????????????????? | | ?????????????????????????????????????????????????? | | ?????????????????????????????????????????????????? | | ?????????????????????????????????????????????????? | | ?????????????????????????????????????????????????? | | ?????????????????????????????????????????????????? | | ?????????????????????????????????????????????????? | | ?????????????????????????????????????????????????? | | ?????????????????????????????????????????????????? | | ?????????????????????????????????????????????????? | | ?????????????????????????????????????????????????? | | ?????????????????????????????????????????????????? | | ?????????????????????????####????????????????????? | | ????????????????????????## "#????????????????????? | | ??????????????????????### ""#????????????????????? | | ????????????????###??##"""< #????????????????????? | | ????????????????# ### ""[ ####?????????????????? | | ???????????????## "" [ #?????????????????? | | ???????????????# ""# # ##?????????????????? | | ???????????????# #RRR< #??????????????????? | | ??????????????#"""" #@